 Dungeon Crawl Stone Soup version 0.31.0-9-g3a7656b989 (webtiles) character file.

Game seed: 15043392611928893255

208 qw the Shooter (level 5, -1/26 HPs)
             Began as a Spriggan Hunter on Feb 2, 2024.
             Slain by a gnoll
             ... wielding a +0 flail
              (3 damage)
             ... on level 3 of the Dungeon.
             The game lasted 00:00:07 (1941 turns).

qw the Shooter (Spriggan Hunter)                    Turns: 1941, Time: 00:00:08

Health: -1/26      AC:  3    Str:  7    XL:     5   Next: 55%
Magic:  6/6        EV: 20    Int: 11    God:
Gold:   75         SH:  0    Dex: 20    Spells: 4/4 levels left

rFire   . . .        a - +2 shortbow
rCold   . . .        (shield currently unavailable)
rNeg    . . .        c - +0 robe
rPois   .            (helmet restricted)
rElec   .            b - +0 cloak
rCorr   .            (gloves unavailable)
SInv    +            (boots unavailable)
Will    .....        (no amulet)
Stlth   ++           (no ring)
HPRegen 0.24/turn    (no ring)
MPRegen 0.10/turn

%: no passive effects
@: very quick
A: very small, no large weapons, unfitting armour, see invisible, speed 3
a: no special abilities


You were on level 3 of the Dungeon.
You visited 1 branch of the dungeon, and saw 3 of its levels.

You collected 75 gold pieces.


Innate Abilities, Weirdness & Mutations

You are very small and have problems with some larger weapons.
You are too small for most types of armour.
You have supernaturally acute eyesight. (SInv)
You cover ground extremely quickly. (Speed+++)


   Skills:
 - Level 2.1 Fighting
 + Level 5.7 Ranged Weapons
 - Level 5.0 Dodging
 - Level 1.5 Stealth


You had 4 spell levels left.
You didn't know any spells.
Your spell library was empty.

Inventory:

Hand Weapons
 a - a +2 shortbow (weapon)
Armour
 b - a +0 cloak (worn)
 c - a +0 robe (worn)
Scrolls
 f - a scroll of silence {unknown}
Potions
 d - a potion of cancellation
 e - a potion of haste
 g - a potion of curing
 h - a potion of lignification {unknown}

Dungeon Overview and Level Annotations

Branches:
Dungeon (3/15)

Altars:
Qazlal

Shops:
D:2 =


Message History

The giant cockroach completely misses you.
You shoot an arrow. The arrow hits the giant cockroach!
You kill the giant cockroach!
You see here a giant cockroach corpse.
An endoplasm comes into view.
You shoot an arrow.
The arrow completely misses the endoplasm.
The endoplasm completely misses you.
You shoot an arrow.
The arrow completely misses the endoplasm.
The endoplasm freezes you.
You are frozen.
You shoot an arrow. The arrow hits the endoplasm!
You kill the endoplasm!
You start resting.
HP restored. 2 gnolls come into view.
You shoot an arrow. The arrow hits the gnoll.
The gnoll is moderately wounded.
The gnoll shouts!
You shoot an arrow. The arrow closely misses the gnoll.
A gnoll comes into view. It is wielding a +0 spear.
You shoot an arrow. The arrow barely misses the gnoll.
The gnoll shouts!
The gnoll hits you with a +0 flail.
You shoot an arrow. The arrow barely misses the gnoll.
The gnoll hits you with a +0 flail.
The gnoll hits you from afar with a +0 halberd!
The gnoll misses you.
A gnoll comes into view.
It is wielding a +0 whip and quivering a throwing net.
You shoot an arrow. The gnoll shouts!
The arrow hits the gnoll but does no damage.
The gnoll is moderately wounded.
The gnoll barely misses you.
The gnoll hits you from afar with a +0 halberd.
You shoot an arrow. The arrow hits the gnoll.
The gnoll is severely wounded.
The gnoll hits you with a +0 flail.
You die...

##.. .. ...7 ..#
...PP..# .gP7.. g...
#.g #g############
#@...........#
........##########.#
..#####.# #.# #.#
#.# #.# #.# #.# #.#
#.# #.# #.# #.# #.#


You could see 4 gnolls.

Vanquished Creatures
  An orc priest (D:2)
  An orc wizard (D:2)
  Robin (D:2)
  2 adders (D:2)
  7 gnolls
  A ribbon worm (D:3)
  2 orcs (D:2)
  4 bats
  4 endoplasms
  5 giant cockroaches
  10 goblins
  4 hobgoblins
  2 kobolds
  4 ball pythons
  2 frilled lizards (D:1)
  4 rats
54 creatures vanquished.

Notes
Turn   | Place    | Note
-------+----------+-------------------------------------------
     0 | D:1      | qw the Spriggan Hunter began the quest for the Orb.
     0 | D:1      | Reached XP level 1. HP: 10/10 MP: 2/2
     0 | D:1      | 0 ||| qw: Version: 0.3-a-155-g5e7d8dd
     0 | D:1      | 0 ||| qw: Game counter: 656
     0 | D:1      | 0 ||| qw: Melee chars always use a shield: true
     0 | D:1      | 0 ||| qw: God list: Okawaru
     0 | D:1      | 0 ||| qw: Allow faded altars: false
     0 | D:1      | 0 ||| qw: Do Orc after clearing Dungeon:15 true
     0 | D:1      | 0 ||| qw: Do second Lair branch before Depths: true
     0 | D:1      | 0 ||| qw: Lair rune preference: random
     0 | D:1      | 0 ||| qw: Goals: Normal
     0 | D:1      | 0 ||| PLANNING D:1-11
    38 | D:1      | Reached skill level 3 in Dodging
   135 | D:1      | Reached XP level 2. HP: 13/14 MP: 3/3
   781 | D:1      | 781 ||| READING scroll labelled TASI EJUMEW.
   781 | D:1      | 781 ||| IDENTIFYING silvery potion
   782 | D:1      | 782 ||| DRINKING 2 white potions.
   783 | D:1      | 783 ||| DROPPING scroll of butterflies.
   823 | D:2      | Reached XP level 3. HP: 18/18 MP: 4/4
   829 | D:2      | Noticed Robin
   835 | D:2      | 835 ||| FLEEEEING.
   838 | D:2      | 838 ||| FLEEEEING.
   839 | D:2      | 839 ||| FLEEEEING.
   840 | D:2      | 840 ||| FLEEEEING.
   841 | D:2      | 841 ||| FLEEEEING.
   843 | D:2      | 843 ||| STAIRDANCE
   895 | D:2      | 895 ||| STAIRDANCE
   901 | D:2      | 901 ||| STAIRDANCE
   936 | D:2      | 936 ||| STAIRDANCE
   960 | D:2      | Killed Robin
   962 | D:2      | HP: 2/18 [goblin/+0 club[Robin] (6)]
  1007 | D:2      | 1007 ||| FLEEEEING.
  1024 | D:2      | 1024 ||| STAIRDANCE
  1037 | D:2      | Reached XP level 4. HP: 22/22 MP: 5/5
  1112 | D:2      | Found Hozicu's Jewellery Shoppe.
  1119 | D:2      | 1119 ||| SHOPLISTING +6 ring of strength (432 gold, have
                  | 42).
  1119 | D:2      | 1119 ||| SHOPLISTING amulet of Recoucza {RegenMP Str+5}
                  | (570 gold, have 42).
  1119 | D:2      | 1119 ||| SHOPLISTING ring of ice (300 gold, have 42).
  1119 | D:2      | 1119 ||| SHOPLISTING ring of positive energy (240 gold,
                  | have 42).
  1119 | D:2      | 1119 ||| SHOPLISTING ring of protection from fire (300
                  | gold, have 42).
  1626 | D:2      | 1626 ||| UPGRADING to +0 cloak.
  1631 | D:2      | 1631 ||| READING scroll of identify.
  1631 | D:2      | 1631 ||| IDENTIFYING metallic puce potion
  1632 | D:2      | 1632 ||| READING 2 scrolls labelled FOCIMA WEJEAKO.
  1632 | D:2      | 1632 ||| ENCHANTING +0 shortbow.
  1633 | D:2      | 1633 ||| READING scroll of enchant weapon.
  1633 | D:2      | 1633 ||| ENCHANTING +1 shortbow.
  1634 | D:2      | 1634 ||| READING scroll labelled ZEIMOA BOAKU.
  1640 | D:3      | 1640 ||| STAIRDANCE
  1650 | D:2      | Reached XP level 5. HP: 23/26 MP: 6/6
  1664 | D:3      | 1664 ||| STAIRDANCE
  1737 | D:3      | 1737 ||| STAIRDANCE
  1758 | D:3      | Found a stormy altar of Qazlal.
  1821 | D:3      | Found a faded altar of an unknown god.
  1939 | D:3      | HP: 6/26 [gnoll/+0 halberd (10)]
  1940 | D:3      | HP: 2/26 [gnoll/+0 halberd (4)]
  1941 | D:3      | Slain by a gnoll

Levels and vault maps discovered:
D:1:      psy_arrival_radial01, layout_basic, glass_columns_a
D:2:      kennysheep_big_flooded_room, layout_loops_cross, serial_shops, shop,
          uniq_robin
D:3:      minmay_chambers_of_threes, layout_loops_ring,
          nemelex_spade_bored_becter, mainiacjoe_overflow_small_starburst,
          chequers_ecumenical_altar_simple_redux, serial_park_tiny_2

Skill      XL: |  1  2  3  4 |
---------------+-------------+-----
Dodging        | 3 4 5 |  5.0
Ranged Weapons | 5 |  5.7
Fighting       | 2 |  2.1
Stealth        | |  1.5

Action                     |  1- 3 |  4- 6 || total
---------------------------+-------+-------++-------
   Fire: Shortbow          |    94 |    78 ||   172
    Use: Scroll            |     1 |     4 ||     5
         Potion            |     1 |       ||     1
 Armour: Robe              |    29 |    21 ||    50
  Dodge: Dodged            |    41 |    60 ||   101

Table legend:
 A = Non-vault XP
 B = Vault XP
 C = Vault XP percentage of total XP
 D = Non-vault monster count
 E = Vault monster count
 F = Vault count percentage of total count
                 A         B        C        D         E       F
            +---------+---------+-------+---------+---------+-------
      Total |     249 |      49 |  16.4 |      41 |      13 |  24.1
            +---------+---------+-------+---------+---------+-------
        D:1 |      30 |       8 |  21.1 |      18 |       4 |  18.2
        D:2 |     192 |      41 |  17.6 |      16 |       9 |  36.0
        D:3 |      27 |       0 |   0.0 |       7 |       0 |   0.0
            +---------+---------+-------+---------+---------+-------
